 Dungeon Crawl Stone Soup version 0.17-a0-128-g90bd1c5 (webtiles) character file.

721 Tabbe the Ruffian (level 7, -2/38 HPs)
             Began as a Vine Stalker Skald on Mar 23, 2015.
             Was an Initiate of Ru.
             Slain by Pikel
             ... wielding a +1 whip of electrocution
              (7 damage)
             ... on level 5 of the Dungeon.
             The game lasted 00:08:25 (4294 turns).

Tabbe the Ruffian (Vine Stalker Skald)              Turns: 4294, Time: 00:08:26

Health: -2/38      AC:  6    Str: 15    XL:     7   Next: 70%
Magic:  0/15       EV: 11    Int: 13    God:    Ru [......]
Gold:   327        SH:  0    Dex: 14    Spells: 2 memorised, 8 levels left

rFire  + + .     SeeInvis .       - Unarmed
rCold  x . .     Clarity  .     y - +0 leather armour {rF+}
rNeg   . . .     SustAb   .     (no shield)
rPois  .         Gourm    .     (no helmet)
rElec  .         Spirit   +     (no cloak)
rCorr  .         Warding  .     (no gloves)
rMut   .         Stasis   .     n - +2 pair of boots
MR     +....                    (no amulet)
Stlth  +.........               e - ring of protection from magic
                                h - ring of fire

@: infused (expiring), very slightly contaminated, somewhat resistant to hostile
enchantments, very unstealthy
A: fangs 2, regeneration 2, magic shield, antimagic bite, no device heal 3, rot
immunity
a: Renounce Religion


You were on level 5 of the Dungeon.
You worshipped Ru.
Ru was noncommittal.
You were not hungry.

You visited 2 branches of the dungeon, and saw 6 of its levels.

You collected 327 gold pieces.

Inventory:

Hand weapons
 g - a +0 club
Armour
 b - a +0 leather armour
 n - a +2 pair of boots (worn)
 y - a +0 leather armour of fire resistance (worn)
Jewellery
 e - a ring of protection from magic (right hand)
 h - a ring of fire (left hand)
Magical devices
 v - a wand of fire (0)
 B - a wand of random effects (18)
Scrolls
 d - 2 scrolls of immolation {unknown}
 k - a scroll of magic mapping {unknown}
 l - 2 scrolls of remove curse {unknown}
 p - 3 scrolls of enchant weapon {unknown}
 q - a scroll of teleportation {unknown}
 r - a scroll of recharging {unknown}
 t - 3 scrolls of amnesia {unknown}
 z - a scroll of fog {unknown}
 D - a scroll of noise {unknown}
 E - a scroll of identify {unknown}
Potions
 i - 2 potions of curing
 j - 2 potions of degeneration {unknown}
 m - a potion of flight {unknown}
 o - a potion of brilliance {unknown}
 s - a potion of restore abilities {unknown}
 u - a potion of might {unknown}
 x - 2 potions of haste {unknown}
 A - 3 potions of poison {unknown}
 C - 2 potions of cancellation {unknown}
 F - a potion of resistance {unknown}
Books
 c - a book of Battle

   Spells                             Type                      Level
   a - Infusion                       Charms                       1
   b - Shroud of Golubria             Charms/Translocation         2
   c - Song of Slaying                Charms                       2
   d - Spectral Weapon                Hexes/Charms                 3
   e - Regeneration                   Charms/Necromancy            3
Comestibles
 a - 5 bread rations
 f - 3 fruits
 w - 2 beef jerkies


   Skills:
 + Level 4.7 Fighting
 + Level 0.7 Armour
 + Level 0.7 Dodging
 - Level 0.3 Stealth
 + Level 5.1 Unarmed Combat
 + Level 2.8 Spellcasting
 - Level 4.9 Charms
 - Level 0.4 Evocations


You had 8 spell levels left.
You knew the following spells:

 Your Spells              Type           Power        Failure   Level  Hunger
a - Infusion              Chrm           ##....       4%          1    #......
b - Shroud of Golubria    Chrm/Tloc      #.........   17%         2    ###....


Dungeon Overview and Level Annotations

Branches:
Dungeon (5/15)             Temple (1/1) D:4

Altars:
Ashenzari
Dithmenos
Elyvilon
Gozag
Makhleb
Okawaru
Qazlal
Ru
Sif Muna
Trog
Vehumet
Xom
Yredelemnul
Zin
The Shining One

Annotations:
D:5 Pikel


Innate Abilities, Weirdness & Mutations

You have extremely sharp teeth.
You heal very quickly.
When hurt, damage is shared between your health and your magic reserves.
Your bite disrupts and absorbs the magic of your enemies.
Potions and wands cannot restore your health.
You are immune to rotting.


Message History

* * * LOW HITPOINT WARNING * * *
Casting: Shroud of Golubria
Confirm with . or Enter, or press ? or * to list all spells.
You don't have enough magic to cast that spell.
Unknown command.
You hit Pikel. You bite Pikel. You drain his power.
You feel invigorated.
Pikel is lightly wounded.
You barely miss Pikel. You bite Pikel, but do no damage.
Pikel is lightly wounded.
Your magical infusion is running out.
Pikel hits you but does no damage.
You barely miss Pikel.
Pikel is lightly wounded.
Pikel closely misses you.
You hit Pikel.
Pikel is lightly wounded.
Pikel hits you with a whip of electrocution!
* * * LOW HITPOINT WARNING * * *
You are electrocuted!
You die...

##.).##### #...
#.........#
........... ...
+.........+
##.....### #..
#.........#
##.....# .p.
##.......##
#.....# #p#
##......#
#.....# #p#
##...#.# ##...#
#p######
##'##.# #.#
#K##...# #.# .
#.@.[#.# #.#
####...# ##.##
##.## ##...##
#.# #.....# #.#
##...## #.#
##.#####
#.#######......
#.........#####
###########


You could see Pikel and 4 slaves.

Vanquished Creatures
  Edmund (D:4)
  An ice beast (D:5)
  An ogre (D:4)
  A centaur (D:5)
  Sigmund (D:4)
  A crimson imp (D:5)
  A hound (D:5)
  A giant frog skeleton (D:4)
  An iguana (D:4)
  A worker ant (D:4)
  Ijyb (D:4)
  6 adders
  A giant mite (D:4)
  A worm (D:2)
  2 adder skeletons (D:4)
  5 giant geckos
  An orc (D:3)
  2 ball pythons
  4 giant cockroaches
  3 hobgoblins (D:1)
  11 jackals
  13 kobolds
  2 quokkas (D:2)
  7 bats
  3 giant newts
  10 goblins
  11 rats
93 creatures vanquished.

Notes
Turn   | Place    | Note
--------------------------------------------------------------
     0 | D:1      | Tabbe, the Vine Stalker Skald, began the quest for the Orb.
     0 | D:1      | Reached XP level 1. HP: 11/11 MP: 3/3
   204 | D:1      | Reached XP level 2. HP: 9/15 MP: 0/5
   356 | D:1      | Reached XP level 3. HP: 15/18 MP: 7/7
   946 | D:2      | Reached XP level 4. HP: 19/23 MP: 5/9
  1082 | D:2      | Found a sacrificial altar of Ru.
  1896 | D:3      | Found a glowing golden altar of the Shining One.
  1922 | D:3      | Found a basalt altar of Yredelemnul.
  1934 | D:3      | Found a stormy altar of Qazlal.
  1937 | D:3      | Found a burning altar of Makhleb.
  2287 | D:4      | Reached XP level 5. HP: 8/28 MP: 8/11
  2398 | D:4      | Reached skill level 4 in Charms
  2543 | D:4      | Noticed an ogre
  2554 | D:4      | Killed an ogre
  2554 | D:4      | Gained mutation: You heal very quickly. [vine stalker growth]
  2554 | D:4      | Reached XP level 6. HP: 32/32 MP: 10/13
  2614 | D:4      | Noticed Ijyb
  2653 | D:4      | Killed Ijyb
  2748 | D:4      | Noticed Sigmund
  2750 | D:4      | Killed Sigmund
  2877 | D:4      | Found a staircase to the Ecumenical Temple.
  2897 | D:4      | Learned a level 2 spell: Shroud of Golubria
  2908 | Temple   | Entered the Ecumenical Temple
  2934 | Temple   | Became a worshipper of Ru the Awakened
  3141 | D:4      | Noticed Edmund
  3171 | D:4      | Killed Edmund
  3171 | D:4      | Reached XP level 7. HP: 14/37 MP: 2/15
  3546 | D:5      | Entered Level 5 of the Dungeon
  4200 | D:5      | Reached skill level 5 in Unarmed Combat
  4285 | D:5      | Noticed Pikel
  4294 | D:5      | Slain by Pikel

Action                   |  1- 3 |  4- 6 |  7- 9 || total
-------------------------+-------+-------+-------++-------
Melee: Unarmed           |   139 |   179 |    42 ||   360
 Cast: Infusion          |    11 |    16 |     3 ||    30
       Shroud of Golubri |       |       |     2 ||     2
Evoke: Wand              |       |     3 |     1 ||     4
  Use: Potion            |       |     2 |     1 ||     3
  Eat: Chunk             |     1 |     7 |       ||     8
       Meat ration       |       |       |     1 ||     1
